 Dungeon Sprint DCSS version 0.28.0-53-g5a82cb258f (webtiles) character file.

Game seed: 9028333689678690934

21 Zeld the Chopper (level 2, -6/43 HPs)
             Began as a Minotaur Berserker on June 4, 2022.
             Was a Believer of Trog.
             Mangled by Crazy Yiuf
             ... wielding a +3 quarterstaff of chaos
              (7 damage)
             ... in the Dungeon (Sprint III: "The Ten Rune Challenge").
             The game lasted 00:00:14 (128 turns).

Zeld the Chopper (Minotaur Berserker)                Turns: 128, Time: 00:00:15

Health: -6/43      AC:  2    Str: 21    XL:     2   Next: 62%
Magic:  1/1        EV: 12    Int:  4    God:    Trog [**....]
Gold:   0          SH:  0    Dex:  9    Spells: 1/1 levels left

rFire   . . .      SeeInvis .   a - +0 hand axe
rCold   . . .      Faith    .   (no shield)
rNeg    . . .      Spirit   .   b - +0 animal skin
rPois   .          Reflect  .   (helmet restricted)
rElec   .          Harm     .   (no cloak)
rCorr   .          Rampage  .   (no gloves)
Will    .....      NoTele   +   (no boots)
Stlth   ..........              (no amulet)
HPRegen 0.14/turn               (no ring)
MPRegen 0.07/turn               (no ring)

@: berserking, very quick
A: horns 2, retaliatory headbutt
a: Renounce Religion, Berserk, Trog's Hand


You were in the Dungeon.
You worshipped Trog.
Trog was pleased with you.
You visited 1 branch

Inventory:

Hand Weapons
 a - a +0 hand axe (weapon)
Armour
 b - a +0 animal skin (worn)
Scrolls
 h - a scroll of blinking
 i - a scroll of magic mapping {unknown}
Potions
 c - a potion of curing
 d - a potion of heal wounds
 e - a potion of haste
 f - 2 potions of magic
 g - a potion of berserk rage


   Skills:
 * Level 5.2 Fighting
 * Level 5.2 Axes
 + Level 3.5 Armour
 + Level 3.2 Dodging


You had one spell level left.
You didn't know any spells.
Your spell library was empty.

Dungeon Overview and Level Annotations

Branches:
Dungeon (1/1)

Altars:

Annotations:
D Crazy Yiuf


Innate Abilities, Weirdness & Mutations

You have a pair of horns on your head.
You reflexively headbutt those who attack you in melee.


Message History

As you open the door, it creaks loudly!
There is an open door here.
A human comes into view.
The human shouts!
You enter the shallow water.
Moving in this stuff is going to be slow.
Crazy Yiuf the Enlightened comes into view.
He is wielding a +3 quarterstaff of chaos.
A red film seems to cover your vision as you go berserk!
You feel yourself moving faster!
You feel mighty!
Crazy Yiuf hits you with a +3 quarterstaff of chaos!
Ouch! That really hurt!
Crazy Yiuf freezes you!
* * * LOW HITPOINT WARNING * * *
You are too injured to fight recklessly!
You are too injured to fight recklessly!
You hit the human.
The human is lightly wounded.
You hit Crazy Yiuf. The human barely misses you. You furiously retaliate!
You headbutt the human! Crazy Yiuf misses you.
You slash the human! You headbutt the human!
The human is almost dead.
You closely miss Crazy Yiuf.
Unknown command.
You hit the human.
You kill the human!
Trog accepts your kill.
You barely miss Crazy Yiuf. Crazy Yiuf completely misses you.
Your Fighting skill increases to level 5!
Your Axes skill increases to level 5!
Your Armour skill increases to level 3!
Your Dodging skill increases to level 3!
You have reached level 2!
You barely miss Crazy Yiuf. You headbutt Crazy Yiuf!
Crazy Yiuf is severely wounded.
Crazy Yiuf hits you with a +3 quarterstaff of chaos!
* * * LOW HITPOINT WARNING * * *
Unknown command.
You hit Crazy Yiuf. Your headbutt misses Crazy Yiuf.
Crazy Yiuf is almost dead.
Crazy Yiuf hits you with a +3 quarterstaff of chaos!
You die...

▓▓▓▓ ▓▓▓▓▓▓▓ ▓<.#
+...♣.♣♣ ▓..#
#....♣.
▓#'####.....♣
▓.....#....≈♣♣♣
▓.....#...≈≈..♣ .
▓.....#.g≈≈≈≈.♣.♣
▓####'#.@≈≈≈≈≈≈.♣
▓(..††#.≈†≈≈≈≈...
▓.....#.≈≈≈≈≈....
▓.....#.≈≈≈......
▓'#####..........
▓................
▓▓▓▓▓▓▓▓▓▓▓▓▓▓▓▓▓


You could see Crazy Yiuf.

Vanquished Creatures
  A human (D)
  4 rats (D)
5 creatures vanquished.

Notes
Turn   | Place    | Note
-------+----------+-------------------------------------------
     0 | D        | Zeld the Minotaur Berserker began the quest for the Orb.
     0 | D        | Reached XP level 1. HP: 19/19 MP: 0/0
    57 | D        | Reached ** piety under Trog
   120 | D        | Noticed Crazy Yiuf
   127 | D        | Reached skill level 5 in Fighting
   127 | D        | Reached skill level 5 in Axes
   127 | D        | Reached XP level 2. HP: 11/29 MP: 1/1
   127 | D        | HP: 1/43 [Crazy Yiuf/+3 quarterstaff of chaos (10)]
   128 | D        | Mangled by Crazy Yiuf

Illustrated notes

Levels and vault maps discovered:
D:        dungeon_sprint_mu [sprint_mu_entry_forest, sprint_mu_temple_rooms,
          sprint_mu_d1_spiders, sprint_mu_d2_genie, sprint_mu_d3_branching,
          sprint_mu_orc_legion, sprint_mu_elf_gauntlet, sprint_mu_hive_nellie,
          sprint_mu_lair_fedhas, sprint_mu_vaults_butterflies,
          sprint_mu_slime_circle, sprint_mu_swamp_cave, sprint_mu_shoals_archi,
          sprint_mu_blade_basic, sprint_mu_crypt_lich, sprint_mu_tomb_spiral,
          sprint_mu_vestibule_basic, sprint_mu_gehenna_hellfire,
          sprint_mu_dis_giant, sprint_mu_tartarus_statrot,
          sprint_mu_cocytus_islands, sprint_mu_zot1]

Skill      XL: |  1 |
---------------+----+-----
Fighting       | 5 |  5.2
Axes           | 5 |  5.2
Armour         | 3 |  3.5
Dodging        | 3 |  3.2

Action                   || total
-------------------------++-------
Melee: Hand axe          ||    11
       Headbutt          ||     3
Invok: Berserk           ||     1
Armor: Animal skin       ||     1
Dodge: Dodged            ||     8
